 Dungeon Crawl Stone Soup version 0.29.1-12-g30fa7ad0bf (webtiles) character file.

Game seed: 13984303654824768074

57295 xzight the Blocker (level 14, -12/114 HPs)
             Began as a Gnoll Fighter on Dec 29, 2022.
             Was the Champion of Cheibriados.
             Mangled by an ettin
             ... wielding a +0 dire flail
              (14 damage)
             ... on level 2 of the Orcish Mines.
             The game lasted 00:31:38 (15032 turns).

xzight the Blocker (Gnoll Fighter)                 Turns: 15032, Time: 00:31:38

Health: -12/114    AC: 22    Str: 33    XL:     14   Next: 85%
Magic:  27/27      EV: 21    Int: 27    God:    Cheibriados [******]
Gold:   1700       SH:  0    Dex: 36    Spells: 17/32 levels left

rFire   + . .      SeeInvis +   r - +9 lajatang of Wisdom {vorpal, Str+3 Dex+2}
rCold   . . .      Faith    .   (shield currently unavailable)
rNeg    . . .      Spirit   .   J - +4 chain mail
rPois   .          Reflect  .   l - +1 helmet
rElec   +          Harm     .   P - +1 cloak
rCorr   .          Rampage  .   m - +0 pair of gloves
Will    +....                   (no boots)
Stlth   +++.......              h - amulet of regeneration
HPRegen 1.09/turn               F - ring of protection from fire
MPRegen 0.20/turn               K - ring of Reshylup {rElec Dex+6 SInv}

@: very slow
A: fangs 1, strong nose, distributed training
a: Renounce Religion, Bend Time, Temporal Distortion, Slouch, Step From Time


You were on level 2 of the Orcish Mines.
You worshipped Cheibriados.
Cheibriados was exalted by your worship.
You visited 4 branches of the dungeon, and saw 19 of its levels.

You collected 1700 gold pieces.


Innate Abilities, Weirdness & Mutations

You have very sharp teeth.
Your uncanny sense of smell can sniff out nearby items.
Your experience applies equally to all skills.


   Skills:
 + Level 11.8 Fighting
 + Level 9.9 Short Blades
 + Level 9.9 Long Blades
 + Level 9.9 Axes
 + Level 9.9 Maces & Flails
 + Level 10.9 Polearms
 + Level 9.9 Staves
 + Level 9.9 Ranged Weapons
 + Level 9.9 Throwing
 + Level 11.8 Armour
 + Level 9.9 Dodging
 + Level 9.9 Stealth
 + Level 11.8 Shields
 + Level 9.9 Unarmed Combat
 + Level 9.9 Spellcasting
 + Level 8.3 Conjurations
 + Level 8.3 Hexes
 + Level 8.3 Summonings
 + Level 8.3 Necromancy
 + Level 8.3 Translocations
 + Level 8.3 Transmutations
 + Level 8.3 Fire Magic
 + Level 8.3 Ice Magic
 + Level 8.3 Air Magic
 + Level 8.3 Earth Magic
 + Level 8.3 Poison Magic
 + Level 10.8 Invocations
 + Level 9.9 Evocations


You had 17 spell levels left.
You knew the following spells:

 Your Spells              Type           Power      Damage    Failure   Level
a - Frozen Ramparts       Ice            100%       1d16      1%          3
b - Ozocubu's Armour      Ice            55%        N/A       1%          3
c - Summon Guardian Gole  Hex/Summ       55%        N/A       1%          3
e - Blink                 Tloc           100%       N/A       1%          2
z - Hailstorm             Conj/Ice       55%        3d12      4%          4

Your spell library contained the following spells:

 Spells                   Type           Power      Damage    Failure   Level
 Apportation              Tloc           100%       N/A       1%          1
 Freeze                   Ice            100%       1d11      1%          1
 Necrotise                Necr           100%       1d9       1%          1
 Summon Small Mammal      Summ           100%       N/A       1%          1
 Ensorcelled Hibernation  Hex/Ice        100%       N/A       1%          2
 Sublimation of Blood     Necr           55%        N/A       1%          2
 Wereblood                Tmut           55%        N/A       1%          2
 Call Canine Familiar     Summ           55%        N/A       1%          3
 Lesser Beckoning         Tloc           55%        N/A       1%          3
 Portal Projectile        Hex/Tloc       100%       N/A       1%          3
 Spider Form              Tmut/Pois      55%        N/A       1%          3
 Teleport Other           Tloc           55%        N/A       1%          3
 Anguish                  Hex/Necr       27%        N/A       4%          4
 Leda's Liquefaction      Hex/Erth       27%        N/A       4%          4
 Summon Ice Beast         Ice/Summ       55%        N/A       4%          4
 Alistair's Intoxication  Tmut/Pois      36%        N/A       13%         5
 Manifold Assault         Tloc           55%        N/A       13%         5
 Metabolic Englaciation   Hex/Ice        27%        N/A       13%         5
 Summon Mana Viper        Hex/Summ       55%        N/A       13%         5
 Simulacrum               Ice/Necr       27%        N/A       56%         6
 Monstrous Menagerie      Summ           27%        N/A       98%         7
 Storm Form               Tmut/Air       27%        N/A       98%         7
 Summon Hydra             Summ           27%        N/A       98%         7
 Disjunction              Tloc           27%        N/A       100%        8

Inventory:

Hand Weapons
 a - a +0 trident
 r - the +9 lajatang of Wisdom (weapon) {vorpal, Str+3 Dex+2}
   (You found it on level 3 of the Dungeon)

   It inflicts extra damage upon your enemies.
   Str:       It affects your strength (+3).
   Dex:       It affects your dexterity (+2).
Missiles
 s - 11 throwing nets {=f}
Armour
 l - a +1 helmet (worn)
 m - a +0 pair of gloves (worn)
 J - a +4 chain mail (worn)
 P - a +1 cloak (worn)
Jewellery
 h - an amulet of regeneration (around neck)
 y - an amulet of reflection
 F - a ring of protection from fire (left hand)
 K - the ring of Reshylup (right hand) {rElec Dex+6 SInv}
   (You found it on level 8 of the Dungeon)

   [ring of dexterity]

   Dex:       It affects your dexterity (+6).
   rElec:     It insulates you from electricity.
   SInv:      It lets you see invisible.
 L - the amulet "Fuovad" {Spirit rElec}
   (You found it on level 5 of the Lair of Beasts)

   [amulet of guardian spirit]

   It causes incoming damage to be divided between your reserves of health and
   magic.
   rElec:     It insulates you from electricity.
 R - a ring of resist corrosion
 W - a ring of willpower
Wands
 f - a wand of acid (3)
 k - a wand of polymorph (6)
 t - a wand of mindburst (2)
 B - a wand of iceblast (6)
 E - a wand of flame (1)
 I - a wand of charming (16)
Scrolls
 b - 2 scrolls of poison
 c - 2 scrolls of magic mapping {unknown}
 i - 2 scrolls of silence {unknown}
 j - 18 scrolls of teleportation {@r2}
 p - 2 scrolls of vulnerability
 q - 2 scrolls of fog
 u - 2 scrolls of enchant armour
 w - 2 scrolls of enchant weapon
 x - a scroll of brand weapon {unknown}
 z - 2 scrolls of identify {@r1}
 G - 3 scrolls of amnesia
 M - a scroll of immolation {unknown}
 N - 2 scrolls of summoning {unknown}
Potions
 d - 2 potions of might
 e - 4 potions of lignification
 g - 8 potions of curing {@q1}
 n - 2 potions of flight
 o - 2 potions of mutation
 v - 7 potions of attraction
 A - 3 potions of cancellation
 C - 4 potions of brilliance
 D - a potion of invisibility {unknown}
 H - 3 potions of berserk rage {!q}
 O - a potion of heal wounds {@q2}
 Q - a potion of magic {unknown}
 S - a potion of ambrosia {unknown}
 U - a potion of resistance {unknown}
Miscellaneous
 T - a condenser vane

Dungeon Overview and Level Annotations

Branches:
Dungeon (11/15)            Temple (1/1) D:4            Lair (5/5) D:9
 Shoals (0/4) Lair:3        Snake (0/4) Lair:3        Slime (0/5) Lair:4
    Orc (2/2) D:11
    Elf: Orc:2

Altars:
Ashenzari
Cheibriados
Dithmenos
Elyvilon
Fedhas
Gozag
Hepliaklqana
Kikubaaqudgha
Makhleb
Nemelex Xobeh
Okawaru
Qazlal
Ru
Trog
Uskayaw
Vehumet
Wu Jian
Xom
Zin
The Shining One
Jiyva

Shops:
D:6 :   D:10 *

Annotations:
D:7 2 transporters, croobank's ghost, amateur DsCj
Lair:1 3 runed translucent doors, Fiagud's ghost, novice VSBr

....#### .......### ∆ ∆
.........# ........##
.##.#....## #.
..###.....# ...
........### ....
.....#.## ##### .....
.....### #.o@##......
......## ##..oCoo..$..
.......######.$.oo.......
..#...###.##.............
..##.....................
.##......................
.####................#...
..#.#.....#.#.#$#...##...
..#......#####......# .#


You could see an ettin, an orc warrior, 2 orc priests, 2 orc wizards and an orc.


Message History

The orc priest barely misses you. The orc wizard closely misses you.
You slice the orc!!
You kill the orc!
Cheibriados appreciates the change of pace.
The orc wizard attacks as you move away!
The orc wizard completely misses you.
The orc wizard no longer looks unusually strong.
The orc priest calls down the wrath of Beogh upon you.
Beogh smites you!
The orc wizard gestures wildly while chanting.
The orc wizard flickers and vanishes for a moment.
The orc warrior barely misses you. The orc priest completely misses you.
The ettin misses you.
The ettin hits you with a +1 dire flail of holy wrath.
You bump into the rock wall.
The orc wizard no longer looks unusually strong.
The orc warrior no longer looks unusually strong.
The ettin barely misses you.
The ettin hits you with a +1 dire flail of holy wrath!!!
* * * LOW HITPOINT WARNING * * *
The orc warrior hits you from afar with a +0 halberd!
* * * LOW HITPOINT WARNING * * *
The orc wizard gestures at you while chanting.
You resist with almost no effort.
You are too confused!
You feel better.
The ettin hits you with a +0 dire flail!!
* * * LOW HITPOINT WARNING * * *
The ettin hits you with a +1 dire flail of holy wrath!
You die...

Skill      XL: |  1  2  3  4  5  6  7  8  9 10 11 12 13 14 |
---------------+-------------------------------------------+-----
Invocations    | 1 2 3 4 5 6 7 8 9 10 | 10.8
Short Blades   | 1 2 3 5 6 7 8 9 |  9.9
Long Blades    | 1 2 3 5 6 7 8 9 |  9.9
Axes           | 1 2 3 5 6 7 8 9 |  9.9
Maces & Flails | 1 2 3 5 6 7 8 9 |  9.9
Staves         | 1 2 3 5 6 7 8 9 |  9.9
Ranged Weapons | 1 2 3 5 6 7 8 9 |  9.9
Throwing       | 1 2 3 5 6 7 8 9 |  9.9
Dodging        | 1 2 3 5 6 7 8 9 |  9.9
Stealth        | 1 2 3 5 6 7 8 9 |  9.9
Unarmed Combat | 1 2 3 5 6 7 8 9 |  9.9
Spellcasting   | 1 2 3 5 6 7 8 9 |  9.9
Evocations     | 1 2 3 5 6 7 8 9 |  9.9
Conjurations   | 1 2 3 4 5 6 7 8 |  8.3
Hexes          | 1 2 3 4 5 6 7 8 |  8.3
Summonings     | 1 2 3 4 5 6 7 8 |  8.3
Necromancy     | 1 2 3 4 5 6 7 8 |  8.3
Translocations | 1 2 3 4 5 6 7 8 |  8.3
Transmutations | 1 2 3 4 5 6 7 8 |  8.3
Fire Magic     | 1 2 3 4 5 6 7 8 |  8.3
Ice Magic      | 1 2 3 4 5 6 7 8 |  8.3
Air Magic      | 1 2 3 4 5 6 7 8 |  8.3
Earth Magic    | 1 2 3 4 5 6 7 8 |  8.3
Poison Magic   | 1 2 3 4 5 6 7 8 |  8.3
Polearms       | 5 6 7 8 9 10 | 10.9
Fighting       | 7 8 9 10 11 | 11.8
Armour         | 7 8 9 10 11 | 11.8
Shields        | 7 8 9 10 11 | 11.8

Action                   |  1- 3 |  4- 6 |  7- 9 | 10-12 | 13-15 || total
-------------------------+-------+-------+-------+-------+-------++-------
Melee: Trident           |   109 |    41 |       |       |       ||   150
       Bite              |     6 |     6 |    16 |    59 |    68 ||   155
       Lajatang          |       |    31 |   165 |   423 |   453 ||  1072
 Cast: Blink             |       |       |       |     2 |       ||     2
       Summon Guardian G |       |       |       |     2 |       ||     2
       Ozocubu's Armour  |       |       |       |     1 |       ||     1
       Hailstorm         |       |       |       |     1 |       ||     1
       Frozen Ramparts   |       |       |       |     1 |       ||     1
Invok: Slouch            |       |       |       |     1 |       ||     1
Evoke: Wand              |       |       |       |    10 |    35 ||    45
       Condenser vane    |       |       |       |     1 |     1 ||     2
  Use: Scroll            |       |       |     8 |     2 |    13 ||    23
       Potion            |       |       |       |     4 |     4 ||     8
 Stab: Sleeping          |       |       |       |     3 |     1 ||     4
       Distracted        |       |       |       |     2 |     2 ||     4
Armor: Scale mail        |    24 |    27 |    63 |       |       ||   114
       Chain mail        |       |       |    24 |   183 |   197 ||   404
Dodge: Dodged            |    30 |    28 |   126 |   367 |   555 ||  1106
Block: Buckler           |    23 |     3 |       |       |       ||    26

Levels and vault maps discovered:
D:1:      dpeg_arrival_line_fractal, layout_rooms, minmay_misc_feat_pillars,
          interstate_on_off
D:2:      layout_basic, basic_ecumenical_altar, uniq_robin
D:3:      layout_rooms, minmay_pentangle, uniq_ijyb
D:4:      layout_loops_ring, grunt_gozag_breadcrumbs, old_standard_altar,
          minmay_temple_entry_purple_smoke, lemuel_flame_loot_1
D:5:      layout_cave_pools, kennysheep_little_box, minmay_checkerbox,
          uniq_sigmund
D:6:      layout_basic, nemelex_diamond_rough_becter, lemuel_tele_altar,
          grunt_ministairs_4, nicolae_shop_i_like_big_books, minivault_22,
          item_on_display_a
D:7:      layout_rooms, okawaru_gym_becter, gammafunk_ghost_stat_death,
          serial_corexii_hall, corexii_hall_statues_x, corexii_hall_statues_x
D:8:      layout_basic, mainiacjoe_overflow_chevrons,
          nzn_hepliaklqana_mist_gate, elyvilon_altar_4, minmay_statues_item,
          minmay_strange_pillars, lightli_orcish_oven
D:9:      layout_long_grid, marbit_many_paths, grunt_lair_entry_orc_guard_hut,
          hangedman_misty_isle
D:10:     layout_stronghold, mainiacjoe_overflow_tiny_flanked,
          nicolae_qazlal_scattered_showers, lemuel_crystal_altar, zin_purify,
          mainiacjoe_overflow_surrounded_room
D:11:     layout_rooms, orc_0_dummy, serial_rivers,
          chequers_serial_rivers_micro_b, chequers_serial_rivers_micro_e,
          chequers_serial_rivers_micro_e, chequers_serial_rivers_micro_a
Temple:   hellmonk_temple_of_storms
Lair:1:   layout_long_grid, gammafunk_ghost_ooze
Lair:2:   layout_roguey, uniq_harold
Lair:3:   layout_long_grid, minmay_shoals_entry_lonely_mermaid,
          minmay_snake_entry_guardpost_small, serial_bayou_pond_b,
          grunt_megastairs_4
Lair:4:   layout_cellular_growth, slime_entry_1
Lair:5:   minmay_lair_end_frog_pond, layout_cellular_growth, uniq_urug
Orc:1:    layout_caves
Orc:2:    grunt_orc_tribal_feast, layout_diamond_mine

Notes
Turn   | Place    | Note
-------+----------+-------------------------------------------
     0 | D:1      | xzight the Gnoll Fighter began the quest for the Orb.
     0 | D:1      | Reached XP level 1. HP: 23/23 MP: 1/1
   148 | D:1      | Reached XP level 2. HP: 29/29 MP: 2/2
   435 | D:1      | Reached XP level 3. HP: 35/35 MP: 3/3
   792 | D:2      | Reached skill level 1 in Invocations
   855 | D:2      | Noticed Robin
   875 | D:2      | Reached skill level 1 in Short Blades
   875 | D:2      | Reached skill level 1 in Long Blades
   875 | D:2      | Reached skill level 1 in Axes
   875 | D:2      | Reached skill level 1 in Maces & Flails
   875 | D:2      | Reached skill level 1 in Staves
   875 | D:2      | Reached skill level 1 in Ranged Weapons
   875 | D:2      | Reached skill level 1 in Throwing
   875 | D:2      | Reached skill level 1 in Dodging
   875 | D:2      | Reached skill level 1 in Stealth
   875 | D:2      | Reached skill level 1 in Unarmed Combat
   875 | D:2      | Reached skill level 1 in Spellcasting
   875 | D:2      | Reached skill level 1 in Evocations
   886 | D:2      | Killed Robin
   887 | D:2      | Reached XP level 4. HP: 39/41 MP: 5/5
   966 | D:2      | Reached skill level 1 in Conjurations
   966 | D:2      | Reached skill level 1 in Hexes
   966 | D:2      | Reached skill level 1 in Summonings
   966 | D:2      | Reached skill level 1 in Necromancy
   966 | D:2      | Reached skill level 1 in Translocations
   966 | D:2      | Reached skill level 1 in Transmutations
   966 | D:2      | Reached skill level 1 in Fire Magic
   966 | D:2      | Reached skill level 1 in Ice Magic
   966 | D:2      | Reached skill level 1 in Air Magic
   966 | D:2      | Reached skill level 1 in Earth Magic
   966 | D:2      | Reached skill level 1 in Poison Magic
  1007 | D:2      | Found a faded altar of an unknown god.
  1280 | D:2      | Identified the +1 leather armour of Gifigem {Contam Regen+
                  | Int+6}
  1549 | D:3      | Identified the +9 lajatang of Wisdom {vorpal, Str+3 Dex+2}
  1610 | D:3      | Reached XP level 5. HP: 47/47 MP: 7/7
  1620 | D:3      | Noticed Ijyb
  1631 | D:3      | Killed Ijyb
  1712 | D:3      | You fall into a shaft and drop 2 floors!
  1712 | D:5      | Entered Level 5 of the Dungeon
  1731 | D:5      | Noticed Sigmund
  1751 | D:5      | Killed Sigmund
  1752 | D:5      | Reached skill level 2 in Short Blades
  1752 | D:5      | Reached skill level 2 in Long Blades
  1752 | D:5      | Reached skill level 2 in Axes
  1752 | D:5      | Reached skill level 2 in Maces & Flails
  1752 | D:5      | Reached skill level 5 in Polearms
  1752 | D:5      | Reached skill level 2 in Staves
  1752 | D:5      | Reached skill level 2 in Ranged Weapons
  1752 | D:5      | Reached skill level 2 in Throwing
  1752 | D:5      | Reached skill level 2 in Dodging
  1752 | D:5      | Reached skill level 2 in Stealth
  1752 | D:5      | Reached skill level 2 in Unarmed Combat
  1752 | D:5      | Reached skill level 2 in Spellcasting
  1752 | D:5      | Reached skill level 2 in Invocations
  1752 | D:5      | Reached skill level 2 in Evocations
  1752 | D:5      | Reached XP level 6. HP: 42/53 MP: 7/9
  1968 | D:4      | Reached skill level 7 in Fighting
  1968 | D:4      | Reached skill level 7 in Armour
  1968 | D:4      | Reached skill level 7 in Shields
  1968 | D:4      | Reached XP level 7. HP: 60/60 MP: 10/10
  1994 | D:4      | Found an opulent altar of Gozag.
  2068 | D:4      | Reached skill level 2 in Conjurations
  2068 | D:4      | Reached skill level 2 in Hexes
  2068 | D:4      | Reached skill level 2 in Summonings
  2068 | D:4      | Reached skill level 2 in Necromancy
  2068 | D:4      | Reached skill level 2 in Translocations
  2068 | D:4      | Reached skill level 2 in Transmutations
  2068 | D:4      | Reached skill level 2 in Fire Magic
  2068 | D:4      | Reached skill level 2 in Ice Magic
  2068 | D:4      | Reached skill level 2 in Air Magic
  2068 | D:4      | Reached skill level 2 in Earth Magic
  2068 | D:4      | Reached skill level 2 in Poison Magic
  2154 | D:4      | Found a staircase to the Ecumenical Temple.
  2209 | Temple   | Entered the Ecumenical Temple
  2228 | Temple   | Became a worshipper of Cheibriados the Contemplative
  2312 | D:4      | Found a shadowy altar of Dithmenos.
  2766 | D:5      | Reached skill level 3 in Invocations
  2806 | D:5      | Reached skill level 3 in Short Blades
  2806 | D:5      | Reached skill level 3 in Long Blades
  2806 | D:5      | Reached skill level 3 in Axes
  2806 | D:5      | Reached skill level 3 in Maces & Flails
  2806 | D:5      | Reached skill level 3 in Staves
  2806 | D:5      | Reached skill level 3 in Ranged Weapons
  2806 | D:5      | Reached skill level 3 in Throwing
  2806 | D:5      | Reached skill level 3 in Dodging
  2806 | D:5      | Reached skill level 3 in Stealth
  2806 | D:5      | Reached skill level 3 in Unarmed Combat
  2806 | D:5      | Reached skill level 3 in Spellcasting
  2806 | D:5      | Reached skill level 3 in Evocations
  2806 | D:5      | Reached XP level 8. HP: 62/67 MP: 12/12
  3039 | D:5      | Found a blossoming altar of Fedhas.
  3058 | D:5      | Reached * piety under Cheibriados
  3513 | D:6      | Reached skill level 3 in Conjurations
  3513 | D:6      | Reached skill level 3 in Hexes
  3513 | D:6      | Reached skill level 3 in Summonings
  3513 | D:6      | Reached skill level 3 in Necromancy
  3513 | D:6      | Reached skill level 3 in Translocations
  3513 | D:6      | Reached skill level 3 in Transmutations
  3513 | D:6      | Reached skill level 3 in Fire Magic
  3513 | D:6      | Reached skill level 3 in Ice Magic
  3513 | D:6      | Reached skill level 3 in Air Magic
  3513 | D:6      | Reached skill level 3 in Earth Magic
  3513 | D:6      | Reached skill level 3 in Poison Magic
  3513 | D:6      | Reached skill level 4 in Invocations
  3553 | D:6      | Reached skill level 6 in Polearms
  3572 | D:6      | Found a sparkling altar of Nemelex Xobeh.
  3794 | D:6      | Found Bacsymac's Tremendous Tomes.
  3887 | D:6      | Reached XP level 9. HP: 69/73 MP: 14/14
  3976 | D:6      | Reached skill level 4 in Short Blades
  3976 | D:6      | Reached skill level 4 in Long Blades
  3976 | D:6      | Reached skill level 4 in Axes
  3976 | D:6      | Reached skill level 4 in Maces & Flails
  3976 | D:6      | Reached skill level 4 in Staves
  3976 | D:6      | Reached skill level 4 in Ranged Weapons
  3976 | D:6      | Reached skill level 4 in Throwing
  3976 | D:6      | Reached skill level 4 in Dodging
  3976 | D:6      | Reached skill level 4 in Stealth
  3976 | D:6      | Reached skill level 4 in Unarmed Combat
  3976 | D:6      | Reached skill level 4 in Spellcasting
  3976 | D:6      | Reached skill level 4 in Evocations
  4003 | D:6      | Reached ** piety under Cheibriados
  4022 | D:6      | Found a sacrificial altar of Ru.
  4837 | D:6      | Reached skill level 8 in Fighting
  4837 | D:6      | Reached skill level 8 in Armour
  4837 | D:6      | Reached skill level 8 in Shields
  4841 | D:6      | Reached skill level 5 in Invocations
  4935 | D:7      | Reached *** piety under Cheibriados
  4952 | D:7      | Reached skill level 4 in Conjurations
  4952 | D:7      | Reached skill level 4 in Hexes
  4952 | D:7      | Reached skill level 4 in Summonings
  4952 | D:7      | Reached skill level 4 in Necromancy
  4952 | D:7      | Reached skill level 4 in Translocations
  4952 | D:7      | Reached skill level 4 in Transmutations
  4952 | D:7      | Reached skill level 4 in Fire Magic
  4952 | D:7      | Reached skill level 4 in Ice Magic
  4952 | D:7      | Reached skill level 4 in Air Magic
  4952 | D:7      | Reached skill level 4 in Earth Magic
  4952 | D:7      | Reached skill level 4 in Poison Magic
  4954 | D:7      | Found an iron altar of Okawaru.
  4979 | D:7      | Found a transporter.
  4982 | D:7      | Noticed croobank's ghost (amateur DsCj)
  4989 | D:7      | Found a transporter.
  5009 | D:7      | Reached skill level 5 in Short Blades
  5009 | D:7      | Reached skill level 5 in Long Blades
  5009 | D:7      | Reached skill level 5 in Axes
  5009 | D:7      | Reached skill level 5 in Maces & Flails
  5009 | D:7      | Reached skill level 5 in Staves
  5009 | D:7      | Reached skill level 5 in Ranged Weapons
  5009 | D:7      | Reached skill level 5 in Throwing
  5009 | D:7      | Reached skill level 5 in Dodging
  5009 | D:7      | Reached skill level 5 in Stealth
  5009 | D:7      | Reached skill level 5 in Unarmed Combat
  5009 | D:7      | Reached skill level 5 in Spellcasting
  5009 | D:7      | Reached skill level 5 in Evocations
  5009 | D:7      | Reached XP level 10. HP: 78/81 MP: 17/17
  5513 | D:8      | Reached skill level 7 in Polearms
  5590 | D:8      | Found a shimmering altar of Xom.
  5619 | D:8      | Found a white marble altar of Elyvilon.
  5757 | D:8      | Found a hazy altar of Hepliaklqana.
  5898 | D:8      | Identified the ring of Reshylup {rElec Dex+6 SInv}
  6033 | D:8      | Noticed a two-headed ogre
  6037 | D:8      | Killed a two-headed ogre
  6038 | D:8      | Reached skill level 6 in Invocations
  6459 | D:8      | Reached **** piety under Cheibriados
  6757 | D:9      | Reached skill level 9 in Fighting
  6757 | D:9      | Reached skill level 9 in Armour
  6757 | D:9      | Reached skill level 9 in Shields
  6760 | D:9      | Reached skill level 6 in Short Blades
  6760 | D:9      | Reached skill level 6 in Long Blades
  6760 | D:9      | Reached skill level 6 in Axes
  6760 | D:9      | Reached skill level 6 in Maces & Flails
  6760 | D:9      | Reached skill level 6 in Staves
  6760 | D:9      | Reached skill level 6 in Ranged Weapons
  6760 | D:9      | Reached skill level 6 in Throwing
  6760 | D:9      | Reached skill level 6 in Dodging
  6760 | D:9      | Reached skill level 6 in Stealth
  6760 | D:9      | Reached skill level 6 in Unarmed Combat
  6760 | D:9      | Reached skill level 6 in Spellcasting
  6760 | D:9      | Reached skill level 6 in Evocations
  6765 | D:9      | Reached skill level 5 in Conjurations
  6765 | D:9      | Reached skill level 5 in Hexes
  6765 | D:9      | Reached skill level 5 in Summonings
  6765 | D:9      | Reached skill level 5 in Necromancy
  6765 | D:9      | Reached skill level 5 in Translocations
  6765 | D:9      | Reached skill level 5 in Transmutations
  6765 | D:9      | Reached skill level 5 in Fire Magic
  6765 | D:9      | Reached skill level 5 in Ice Magic
  6765 | D:9      | Reached skill level 5 in Air Magic
  6765 | D:9      | Reached skill level 5 in Earth Magic
  6765 | D:9      | Reached skill level 5 in Poison Magic
  6769 | D:9      | Reached XP level 11. HP: 78/89 MP: 20/20
  6914 | D:9      | Reached ***** piety under Cheibriados
  6945 | D:9      | Got the Volume of Dislocated Rallying
  7383 | D:9      | Found a broken altar of Ashenzari.
  7445 | D:9      | Found a staircase to the Lair.
  7448 | D:9      | Reached skill level 7 in Invocations
  7510 | D:10     | Entered Level 10 of the Dungeon
  7649 | D:10     | Reached skill level 8 in Polearms
  7799 | D:10     | Found a radiant altar of Vehumet.
  7840 | D:10     | Found a bloodstained altar of Trog.
  7841 | D:10     | Found Zin's Purification Station.
  7844 | D:10     | Found a glowing silver altar of Zin.
  7973 | D:10     | Found a burning altar of Makhleb.
  8141 | D:10     | Found a stormy altar of Qazlal.
  8483 | D:11     | Noticed a two-headed ogre
  8489 | D:11     | Killed a two-headed ogre
  8538 | D:11     | Reached skill level 7 in Short Blades
  8538 | D:11     | Reached skill level 7 in Long Blades
  8538 | D:11     | Reached skill level 7 in Axes
  8538 | D:11     | Reached skill level 7 in Maces & Flails
  8538 | D:11     | Reached skill level 7 in Staves
  8538 | D:11     | Reached skill level 7 in Ranged Weapons
  8538 | D:11     | Reached skill level 7 in Throwing
  8538 | D:11     | Reached skill level 7 in Dodging
  8538 | D:11     | Reached skill level 7 in Stealth
  8538 | D:11     | Reached skill level 7 in Unarmed Combat
  8538 | D:11     | Reached skill level 7 in Spellcasting
  8538 | D:11     | Reached skill level 7 in Evocations
  8540 | D:11     | Noticed a two-headed ogre
  8548 | D:11     | Killed a two-headed ogre
  8549 | D:11     | Reached XP level 12. HP: 76/97 MP: 22/22
  8698 | D:11     | Found a staircase to the Orcish Mines.
  8989 | Lair:1   | Entered Level 1 of the Lair of Beasts
  9035 | Lair:1   | Reached skill level 6 in Conjurations
  9035 | Lair:1   | Reached skill level 6 in Hexes
  9035 | Lair:1   | Reached skill level 6 in Summonings
  9035 | Lair:1   | Reached skill level 6 in Necromancy
  9035 | Lair:1   | Reached skill level 6 in Translocations
  9035 | Lair:1   | Reached skill level 6 in Transmutations
  9035 | Lair:1   | Reached skill level 6 in Fire Magic
  9035 | Lair:1   | Reached skill level 6 in Ice Magic
  9035 | Lair:1   | Reached skill level 6 in Air Magic
  9035 | Lair:1   | Reached skill level 6 in Earth Magic
  9035 | Lair:1   | Reached skill level 6 in Poison Magic
  9269 | Lair:1   | Reached skill level 8 in Invocations
  9350 | Lair:1   | Noticed a boulder beetle
  9364 | Lair:1   | Killed a boulder beetle
  9365 | Lair:1   | Reached skill level 10 in Fighting
  9365 | Lair:1   | Reached skill level 10 in Armour
  9365 | Lair:1   | Reached skill level 10 in Shields
  9719 | Lair:1   | Found a runed translucent gate.
  9719 | Lair:1   | Found a runed translucent gate.
  9719 | Lair:1   | Found a runed translucent gate.
  9721 | Lair:1   | Noticed a great orb of eyes
  9722 | Lair:1   | Noticed Fiagud's ghost (novice VSBr)
  9864 | Lair:1   | Found a viscous altar of Jiyva.
  9983 | Lair:2   | Reached skill level 9 in Polearms
 10374 | Lair:2   | Noticed Harold
 10468 | Lair:2   | Killed Harold
 10468 | Lair:2   | Reached ****** piety under Cheibriados
 10525 | Lair:2   | Reached skill level 8 in Short Blades
 10525 | Lair:2   | Reached skill level 8 in Long Blades
 10525 | Lair:2   | Reached skill level 8 in Axes
 10525 | Lair:2   | Reached skill level 8 in Maces & Flails
 10525 | Lair:2   | Reached skill level 8 in Staves
 10525 | Lair:2   | Reached skill level 8 in Ranged Weapons
 10525 | Lair:2   | Reached skill level 8 in Throwing
 10525 | Lair:2   | Reached skill level 8 in Dodging
 10525 | Lair:2   | Reached skill level 8 in Stealth
 10525 | Lair:2   | Reached skill level 8 in Unarmed Combat
 10525 | Lair:2   | Reached skill level 8 in Spellcasting
 10525 | Lair:2   | Reached skill level 8 in Evocations
 10762 | Lair:3   | Noticed a seven-headed hydra
 10811 | Lair:2   | Learned a level 2 spell: Blink
 10815 | Lair:2   | Learned a level 3 spell: Frozen Ramparts
 10819 | Lair:2   | Learned a level 3 spell: Ozocubu's Armour
 10824 | Lair:2   | Learned a level 4 spell: Hailstorm
 10828 | Lair:2   | Learned a level 3 spell: Summon Guardian Golem
 10922 | Lair:3   | Found a staircase to the Snake Pit.
 11048 | Lair:3   | Noticed an eight-headed hydra
 11052 | Lair:3   | Noticed a death yak
 11086 | Lair:3   | HP: 6/98 [eight-headed hydra (8)]
 11087 | Lair:3   | HP: 2/98 [eight-headed hydra (3)]
 11147 | Lair:3   | Killed a death yak
 11148 | Lair:3   | Reached XP level 13. HP: 43/104 MP: 18/25
 11276 | Lair:3   | Reached skill level 9 in Invocations
 11388 | Lair:3   | HP: 8/104 [blink frog (3)]
 11388 | Lair:3   | HP: 1/104 [dream sheep (7)]
 11397 | Lair:3   | Reached skill level 7 in Conjurations
 11397 | Lair:3   | Reached skill level 7 in Hexes
 11397 | Lair:3   | Reached skill level 7 in Summonings
 11397 | Lair:3   | Reached skill level 7 in Necromancy
 11397 | Lair:3   | Reached skill level 7 in Translocations
 11397 | Lair:3   | Reached skill level 7 in Transmutations
 11397 | Lair:3   | Reached skill level 7 in Fire Magic
 11397 | Lair:3   | Reached skill level 7 in Ice Magic
 11397 | Lair:3   | Reached skill level 7 in Air Magic
 11397 | Lair:3   | Reached skill level 7 in Earth Magic
 11397 | Lair:3   | Reached skill level 7 in Poison Magic
 11651 | Lair:3   | Found a staircase to the Shoals.
 11991 | Lair:4   | Reached skill level 11 in Fighting
 11991 | Lair:4   | Reached skill level 10 in Polearms
 11991 | Lair:4   | Reached skill level 11 in Armour
 11991 | Lair:4   | Reached skill level 11 in Shields
 12247 | Lair:4   | Reached skill level 9 in Short Blades
 12247 | Lair:4   | Reached skill level 9 in Long Blades
 12247 | Lair:4   | Reached skill level 9 in Axes
 12247 | Lair:4   | Reached skill level 9 in Maces & Flails
 12247 | Lair:4   | Reached skill level 9 in Staves
 12247 | Lair:4   | Reached skill level 9 in Ranged Weapons
 12247 | Lair:4   | Reached skill level 9 in Throwing
 12247 | Lair:4   | Reached skill level 9 in Dodging
 12247 | Lair:4   | Reached skill level 9 in Stealth
 12247 | Lair:4   | Reached skill level 9 in Unarmed Combat
 12247 | Lair:4   | Reached skill level 9 in Spellcasting
 12247 | Lair:4   | Reached skill level 9 in Evocations
 12553 | Lair:4   | Found a viscous altar of Jiyva.
 12553 | Lair:4   | Found a staircase to the Slime Pits.
 12956 | Lair:5   | Entered Level 5 of the Lair of Beasts
 13003 | Lair:5   | Reached XP level 14. HP: 66/113 MP: 27/27
 13010 | Lair:5   | Reached skill level 10 in Invocations
 13234 | Lair:5   | Noticed Urug
 13247 | Lair:5   | Killed Urug
 13468 | Lair:5   | Reached skill level 8 in Conjurations
 13468 | Lair:5   | Reached skill level 8 in Hexes
 13468 | Lair:5   | Reached skill level 8 in Summonings
 13468 | Lair:5   | Reached skill level 8 in Necromancy
 13468 | Lair:5   | Reached skill level 8 in Translocations
 13468 | Lair:5   | Reached skill level 8 in Transmutations
 13468 | Lair:5   | Reached skill level 8 in Fire Magic
 13468 | Lair:5   | Reached skill level 8 in Ice Magic
 13468 | Lair:5   | Reached skill level 8 in Air Magic
 13468 | Lair:5   | Reached skill level 8 in Earth Magic
 13468 | Lair:5   | Reached skill level 8 in Poison Magic
 13579 | Lair:5   | Identified the +0 ring mail of Honour {Contam Will+ Str+5}
 13828 | Lair:5   | Identified the +9 mace "Pysoxkim" {freeze, Fly rElec rF-}
 13837 | Lair:5   | Identified the amulet "Fuovad" {Spirit rElec}
 14422 | Orc:1    | Entered Level 1 of the Orcish Mines
 14655 | Orc:2    | Entered Level 2 of the Orcish Mines
 15032 | Orc:2    | HP: 2/114 [ettin/+0 dire flail (24)]
 15032 | Orc:2    | Mangled by an ettin

Vanquished Creatures
  2 boulder beetles
  Harold (Lair:2)
  6 hydras
  An ogre mage (Orc:1)
  7 death yaks
  7 two-headed ogres
  Urug (Lair:5)
  A goliath frog (Lair:5)
  An orc sorcerer (Orc:2)
  An orc knight (Orc:2)
  A cyclops (Orc:1)
  A merfolk siren (Lair:3)
  4 black mambas
  A torpor snail (Lair:1)
  19 cane toads
  3 rime drakes
  6 komodo dragons
  2 kobold demonologists (D:11)
  4 trolls
  2 hornets
  3 tyrant leeches (Lair:5)
  3 polar bears
  28 blink frogs
  Sigmund (D:5)
  21 dream sheep
  A wraith (D:11)
  A vampire (D:10)
  3 basilisks
  7 wyverns
  45 yaks
  4 steam dragons
  7 vampire mosquitoes
  3 nagas (Lair:3)
  A warg (Orc:2)
  11 water moccasins
  11 orc warriors
  4 black bears
  4 sky beasts
  4 ice beasts
  2 centaurs
  6 ogres
  11 wolves
  2 phantoms
  A kobold brigand (D:9)
  A gnoll sergeant (D:9)
  15 bullfrogs
  2 necrophages (D:5)
  6 scorpions
  10 wights (D:9)
  10 killer bees
  4 howler monkeys
  5 jellies
  10 orc priests
  3 gnoll boudas
  4 hounds
  Ijyb (D:3)
  6 iguanas
  14 orc wizards
  7 hell rats (Lair:2)
  Robin (D:2)
  7 adders
  21 gnolls
  3 shadow imps
  5 white imps
  3 ufetubi
  2 worms
  4 dart slugs
  49 orcs
  4 endoplasms
  3 giant cockroaches
  12 goblins
  4 hobgoblins
  2 jackals (D:1)
  7 kobolds
  4 quokkas
  2 ball pythons (D:1)
  5 bats (D:1)
  2 frilled lizards (D:1)
  6 rats
499 creatures vanquished.

Vanquished Creatures (others)
  59 fungi
  117 plants
176 creatures vanquished.

Grand Total: 675 creatures vanquished

Table legend: (Time is in decaauts)
 A = Elapsed time spent in this place.
 B = Non-inter-level travel time spent in this place.
 C = Inter-level travel time spent in this place.
 D = Time resting spent in this place.
 E = Time spent auto-exploring this place.
 F = Levels seen in this place.
 G = Mean time per level.
                   A        B        C        D        E       F      G
               +--------+--------+--------+--------+--------+-----+--------+
         Total |  22552 |  21048 |   1504 |   1085 |  15907 |  19 | 1186.9 |
       Dungeon |  12602 |  11707 |    895 |    514 |   9161 |  11 | 1145.6 |
        Temple |     42 |     21 |     21 |      0 |     11 |   1 |   42.0 |
          Lair |   8913 |   8350 |    563 |    571 |   5980 |   5 | 1782.6 |
  Orcish Mines |    993 |    971 |     22 |      0 |    754 |   2 |  496.5 |
               +--------+--------+--------+--------+--------+-----+--------+

Top non-repeatable levels by time:
  Lair:5: 2028 daAuts
     D:6: 1834 daAuts
  Lair:3: 1805 daAuts
  Lair:4: 1792 daAuts
     D:8: 1695 daAuts
     D:9: 1656 daAuts
    D:10: 1647 daAuts
  Lair:2: 1646 daAuts
  Lair:1: 1641 daAuts
    D:11: 1115 daAuts
     D:4: 1067 daAuts
     D:5: 956 daAuts
     D:7: 898 daAuts
     D:2: 804 daAuts
     D:1: 754 daAuts

Table legend:
 A = Non-vault XP
 B = Vault XP
 C = Vault XP percentage of total XP
 D = Non-vault monster count
 E = Vault monster count
 F = Vault count percentage of total count
                 A         B        C        D         E       F
            +---------+---------+-------+---------+---------+-------
      Total |   63495 |   18355 |  22.4 |     405 |      94 |  18.8
            +---------+---------+-------+---------+---------+-------
        D:1 |      43 |       0 |   0.0 |      25 |       0 |   0.0
        D:2 |      76 |      35 |  31.5 |      14 |      11 |  44.0
        D:3 |      15 |      36 |  70.6 |       6 |       1 |  14.3
        D:4 |     337 |       0 |   0.0 |      16 |       0 |   0.0
        D:5 |     839 |     442 |  34.5 |      21 |       5 |  19.2
        D:6 |    1703 |     168 |   9.0 |      21 |      11 |  34.4
        D:7 |    1205 |       0 |   0.0 |      19 |       0 |   0.0
        D:8 |    1993 |      15 |   0.7 |      19 |       5 |  20.8
        D:9 |    2845 |    1797 |  38.7 |      38 |      13 |  25.5
       D:10 |    3498 |       0 |   0.0 |      28 |       0 |   0.0
       D:11 |    6075 |       0 |   0.0 |      21 |       0 |   0.0
     Lair:1 |    4075 |       0 |   0.0 |      14 |       0 |   0.0
     Lair:2 |    6743 |     871 |  11.4 |      36 |       1 |   2.7
     Lair:3 |    5800 |    3668 |  38.7 |      21 |       8 |  27.6
     Lair:4 |   12441 |       0 |   0.0 |      34 |       0 |   0.0
     Lair:5 |    9530 |   10610 |  52.7 |      30 |      36 |  54.5
      Orc:1 |    3306 |       0 |   0.0 |      19 |       0 |   0.0
      Orc:2 |    2971 |     713 |  19.4 |      23 |       3 |  11.5
            +---------+---------+-------+---------+---------+-------
